 Dungeon Crawl Stone Soup version 0.28-a0-1143-gcf6077d4cc (webtiles) character file.

Game seed: 2007065050697498963

56 spaghetti the Sneak (level 3, -4/28 HPs)
             Began as a Naga Ice Elementalist on Dec 14, 2021.
             Was a Follower of Elyvilon.
             Slain by a gnoll (13 damage)
             ... on level 2 of the Dungeon.
             The game lasted 00:05:16 (3018 turns).

spaghetti the Sneak (Naga Ice Elementalist)         Turns: 3018, Time: 00:05:17

Health: -4/28      AC:  2    Str:  9 (10) XL:     3   Next: 97%
Magic:  5/6        EV:  9    Int: 15 (17) God:    Elyvilon [*.....]
Gold:   24         SH:  0    Dex: 10 (11) Spells: 5/6 levels left

rFire   . . .      SeeInvis +   (no weapon)
rCold   . . .      Faith    .   (no shield)
rNeg    . . .      Spirit   .   a - +0 robe
rPois   +          Reflect  .   (no helmet)
rElec   .          Harm     .   (no cloak)
rCorr   .          Rampage  .   (no gloves)
Will    .....                   (no barding)
Stlth   +++.......              (no amulet)
HPRegen 0.09/turn               (no ring)
MPRegen 0.10/turn               (no ring)

@: short of breath, very slow
A: AC +1, large, see invisible, deformed body, poison resistance, slowness 2,
spit poison 1, naga tail 1
a: Spit Poison, Renounce Religion, Purification


You were on level 2 of the Dungeon.
You worshipped Elyvilon.
Elyvilon was aware of your devotion.
You visited 1 branch of the dungeon, and saw 2 of its levels.

You collected 24 gold pieces.


Innate Abilities, Weirdness & Mutations

Your serpentine skin is tough. (AC +1)
You have supernaturally acute eyesight. (SInv)
Armour fits poorly on your strangely shaped body.
Your system is resistant to poisons. (rPois)
You cover ground very slowly.
You can spit poison.
You have a snake-like lower body.


   Skills:
 + Level 0.7 Throwing
 - Level 1.5 Dodging
 + Level 4.8 Stealth
 - Level 2.0 Spellcasting
 + Level 4.7 Ice Magic


You had 5 spell levels left.
You knew the following spells:

 Your Spells              Type           Power      Damage    Failure   Level
a - Freeze                Ice            60%        1d8       3%          1

Your spell library contained the following spells:

 Spells                   Type           Power      Damage    Failure   Level
 Frozen Ramparts          Ice            30%        1d5       10%         3
 Ozocubu's Armour         Ice            15%        N/A       10%         3
 Hailstorm                Conj/Ice       8%         3d4       63%         4

Inventory:

Hand Weapons
 c - a +1 dagger of draining {short}
   (You took it off a goblin on level 1 of the Dungeon)
 e - a +2 whip of freezing {mace}
   (You took it off a kobold on level 1 of the Dungeon)
 f - a +0 club {mace}
   (You took it off a goblin on level 1 of the Dungeon)
 g - a +0 dagger {short}
   (You took it off a goblin on level 1 of the Dungeon)
 h - a +0 short sword {short}
   (You took it off a kobold on level 1 of the Dungeon)
 k - a +0 trident {polearm}
   (You found it on level 1 of the Dungeon)
 m - a +0 short sword {short}
   (You took it off a kobold on level 1 of the Dungeon)
 n - a +0 club {mace}
   (You took it off a goblin on level 1 of the Dungeon)
 o - a +0 dagger {short}
   (You took it off a kobold on level 1 of the Dungeon)
 s - a +0 dagger {short}
   (You found it on level 2 of the Dungeon)
Missiles
 b - 20 sling bullets
 i - 5 stones {throwing}
 j - 33 bolts
 l - 6 curare-tipped darts {=fthrowing}
Armour
 a - a +0 robe (worn)
Scrolls
 d - a scroll of identify {@r1}
 q - a scroll of fog
Potions
 p - a potion of degeneration {!q@e2}
 r - a potion of flight

Dungeon Overview and Level Annotations

Branches:
Dungeon (2/15)

Altars:
Elyvilon

# #.
####..#### ..
#.....# ..
##.###.# ...
#..# # ## ...
#<## ... ##.#
.... #..#
.....
#.######.(..!.
#.....@g......
#.######......
#.# ..... ###
####


You could see a gnoll (poisoned).


Message History

A hobgoblin comes into view. 😕 HP[+4]
You regained 4 hp, and now have 23/28 hp.
A hobgoblin is nearby! 😕 HP[+1]
The hobgoblin hits you. 😕 HP[-2]
You take 2 damage, and now have 22/28 hp.
You hit the hobgoblin but do no damage. The hobgoblin hits you. 😮 HP[-3]
You take 3 damage, and now have 19/28 hp.
You are too injured to fight recklessly!
You are too injured to fight recklessly!
You are too injured to fight recklessly!
You are too injured to fight recklessly!
You are too injured to fight recklessly!
You are too injured to fight recklessly!
You are too injured to fight recklessly!
You are too injured to fight recklessly!
You are too injured to fight recklessly!
You are too injured to fight recklessly!
You are too injured to fight recklessly!
You are too injured to fight recklessly!
You are too injured to fight recklessly!
You are too injured to fight recklessly!
You are too injured to fight recklessly!
You are too injured to fight recklessly!
You are too injured to fight recklessly!
A hobgoblin is nearby!
You closely miss the hobgoblin.
The hobgoblin hits you but does no damage.
Aiming: Spit Poison (2% risk of failure)
Press: ? - help, Shift-Dir - straight line, f - hobgoblin
Aim: a hobgoblin The splash of poison misses the hobgoblin.
The hobgoblin closely misses you.
You are too injured to fight recklessly!
You are too injured to fight recklessly!
Unknown command.
Casting: Freeze (safe; 3% risk of failure)
Confirm with . or Enter, or press ? or * to list all spells.
Aiming: Freeze (safe; 3% risk of failure)
Press: ? - help, Shift-Dir - straight line, f/p - hobgoblin
Aim: a hobgoblin You freeze the hobgoblin.
You kill the hobgoblin! 😮 MP[-1]
You lost 1 mp, and now have 5/6 mp.
Unknown command.
You start resting.
You have got your breath back. 😮 HP[+1] MP[+1]
Your mp is fully restored (6).
You start resting. 😎 HP[+8]
Your hp is fully restored (28).
Unknown command.
s - a golden potion You see here a worm corpse.
Found a stone staircase leading up.
It was a potion of curing.
You feel better.
s - a +0 dagger {short}
There is a stone staircase leading up here.
A gnoll comes into view. It is wielding a +0 flail.
The gnoll moves out of view.
Okay, then.
A gnoll is nearby!
You hit the gnoll but do no damage. The gnoll barely misses you.
You closely miss the gnoll. The gnoll closely misses you.
You hit the gnoll but do no damage. The gnoll completely misses you.
You completely miss the gnoll.
The gnoll hits you with a +0 flail. 😕 HP[-3]
You take 3 damage, and now have 25/28 hp.
You hit the gnoll. The gnoll barely misses you. 😕 HP[+1]
You hit the gnoll but do no damage. The gnoll hits you with a +0 flail!
* * * LOW HITPOINT WARNING * * *
You are too injured to fight recklessly! 😨 HP[-12]
You take 12 damage, and now have 14/28 hp.
MASSIVE DAMAGE!! (PAUSE)
Aiming: Spit Poison (2% risk of failure)
Press: ? - help, Shift-Dir - straight line, f - gnoll
Aim: a gnoll, wielding a +0 flail (lightly wounded)
The splash of poison hits the gnoll but does no damage.
The gnoll is poisoned.
The gnoll hits you with a +0 flail.
* * * LOW HITPOINT WARNING * * *
😨 HP[-5]
You take 5 damage, and now have 9/28 hp.
Unknown command.
Unknown command.
You are too injured to fight recklessly!
Unknown command.
Casting: Freeze (safe; 3% risk of failure)
Confirm with . or Enter, or press ? or * to list all spells.
Aiming: Freeze (safe; 3% risk of failure)
Press: ? - help, Shift-Dir - straight line, f/p - gnoll
Aim: a gnoll, wielding a +0 flail (lightly wounded, poisoned)
You freeze the gnoll! The gnoll hits you with a +0 flail!
You die...

Skill      XL: |  1  2 |
---------------+-------+-----
Stealth        | 4 |  4.8
Throwing       | |  0.7
Dodging        | |  1.5
Spellcasting   | |  2.0
Ice Magic      | |  4.7

Action                   || total
-------------------------++-------
Melee: Unarmed           ||    70
 Cast: Freeze            ||    43
 Abil: Spit Poison       ||    17
  Use: Scroll            ||     3
       Potion            ||     3
 Stab: Sleeping          ||     8
Armor: Robe              ||    31
Dodge: Dodged            ||    58

Levels and vault maps discovered:
D:1:      tarquinn_simple_flora_water_d, layout_loops_cross,
          hellmonk_ecumenical_altar_run_dry
D:2:      layout_rooms

Notes
Turn   | Place    | Note
-------+----------+-------------------------------------------
     0 | D:1      | spaghetti the Naga Ice Elementalist began the quest for the
                  | Orb.
     0 | D:1      | Reached XP level 1. HP: 15/15 MP: 3/3
     0 | D:1      | magus.rc [v1.9.6]
   675 | D:1      | Reached XP level 2. HP: 14/22 MP: 1/5
   973 | D:1      | Reached skill level 4 in Stealth
  1085 | D:1      | Found a faded altar of an unknown god.
  1098 | D:1      | Prayed at the altar of an unknown god.
  1098 | D:1      | Became a worshipper of Elyvilon the Healer
  1098 | D:1      | Reached * piety under Elyvilon
  1268 | D:1      | Reached XP level 3. HP: 28/28 MP: 3/6
  3018 | D:2      | Slain by a gnoll

Vanquished Creatures
  An adder (D:2)
  A worm (D:2)
  2 dart slugs (D:1)
  3 bats
  2 endoplasms (D:1)
  2 giant cockroaches (D:1)
  4 goblins (D:1)
  3 hobgoblins
  4 jackals (D:1)
  4 kobolds (D:1)
  A quokka (D:1)
  6 ball pythons
  3 frilled lizards (D:1)
36 creatures vanquished.

Table legend:
 A = Non-vault XP
 B = Vault XP
 C = Vault XP percentage of total XP
 D = Non-vault monster count
 E = Vault monster count
 F = Vault count percentage of total count
                 A         B        C        D         E       F
            +---------+---------+-------+---------+---------+-------
      Total |      81 |       0 |   0.0 |      36 |       0 |   0.0
            +---------+---------+-------+---------+---------+-------
        D:1 |      57 |       0 |   0.0 |      30 |       0 |   0.0
        D:2 |      24 |       0 |   0.0 |       6 |       0 |   0.0
            +---------+---------+-------+---------+---------+-------

Illustrated notes

Table legend:
 A = Kills in this place as a percentage of kills in entire the game.
 B = Kills by you in this place as a percentage of kills by you in the entire game.
 C = Kills by friends in this place as a percentage of kills by friends in the entire game.
 D = Other kills in this place as a percentage of other kills in the entire game.
 E = Experience gained in this place as a percentage of experience gained in the entire game.
 F = Experience gained in this place divided by the number of levels of this place that you have seen.
                   A       B       C       D       E      F
               +-------+-------+-------+-------+-------+----------------------
         Total | 100.0 | 100.0 |   N/A |   N/A | 100.0 |  40.5
       Dungeon | 100.0 | 100.0 |   N/A |   N/A | 100.0 |  40.5
               +-------+-------+-------+-------+-------+----------------------

Table legend: (Time is in decaauts)
 A = Elapsed time spent in this place.
 B = Non-inter-level travel time spent in this place.
 C = Inter-level travel time spent in this place.
 D = Time resting spent in this place.
 E = Time spent auto-exploring this place.
 F = Levels seen in this place.
 G = Mean time per level.
                   A        B        C        D        E       F      G
               +--------+--------+--------+--------+--------+-----+--------+
         Total |   3292 |   3247 |     45 |   1809 |   1112 |   2 | 1646.0 |
       Dungeon |   3292 |   3247 |     45 |   1809 |   1112 |   2 | 1646.0 |
               +--------+--------+--------+--------+--------+-----+--------+

Top non-repeatable levels by time:
     D:1: 2692 daAuts
     D:2: 600 daAuts
